 Dungeon Sprint DCSS version 0.04.2-19-ga012a504bd (webtiles) character file.

Game seed: 8541719160841495516, levelgen mode: deterministic

24446 diana the Severer (level 13, 0/134 HPs) Hill Orc Monk. Began on May 23, 2021. Was the Champion of Qazlal. Shot with an arrow by a deep elf master archer (4 damage) ... in the Dungeon (Sprint V: "Ziggurat Sprint"). The game lasted 00:11:02 (1337 turns).

diana the Severer (Hill Orc Monk)                   Turns: 1337, Time: 00:11:03

Health: 0/134      AC: 35    Str: 24    XL:     13 ^: 19284
Magic:  18/24      EV: 22    Int:  6    God:    Qazlal [6* [190]]
Gold:   0          SH:  8    Dex: 16    Spells: 12/12 levels left

rFire    . . .     Vision   +   D - +14 obsidian axe {chop, +Fly +Vis Soulbond}
rCold    . . .     Gourm    .   F - +5 broad axe
rNeg     + . .     Faith    .   E - +15 Maxwell's patent armour {-Cast -Tele rElec MR+ rCorr}
rPois    +         Spirit   .   (no helmet)
rElec    +         Reflect  .   (no cloak)
rCorr    +         Harm     .   (no gloves)
MR       +....     NoTele   +   (no boots) Stlth ..........NoCast +
                                (no amulet)
HPRegen  0.54/turn              y - ring of strength
MPRegen  0.34/turn              M - ring "Rucriargh" {rPois rN+ EV+5 Dex+3}

@: protected from physical damage, mesmerised, repel missiles
A: dopey 2, screaming 1
a: Upheaval, Elemental Force, Disaster Area, Renounce Religion, Evoke Flight


You were in the Dungeon.
You worshipped Qazlal.
Qazlal was exalted by your worship.
You were not hungry.

You visited 1 branch

Inventory:

Weapons
 m - the +7 broad axe "Ydeisog" {antimagic, rC+ rN+ Int-4}
   (You found it in the Dungeon)

   It reduces the magical energy of the wielder, and disrupts the spells and
   magical abilities of those hit.
   Natural abilities and divine invocations are not affected.
   It affects your intelligence (-4).
   It protects you from cold.
   It protects you from negative energy.
 D - the +14 obsidian axe (weapon) {chop, +Fly +Vis Soulbond}
   (You found it in the Dungeon)

   It inflicts extra damage upon your enemies.
   It improves your vision.
   It lets you fly.
   When equipped, it binds to the wielder's soul until they gain enough
   experience to unwield again.
 F - a +5 broad axe (weapon)
Armour
 E - the +15 Maxwell's patent armour (worn) {-Cast -Tele rElec MR+ rCorr}
   (You found it in the Dungeon)

   It insulates you from electricity.
   It affects your resistance to hostile enchantments.
   It prevents spellcasting.
   It prevents most forms of teleportation.
   It provides partial protection from all sources of acid and corrosion.
 G - a +5 crystal plate
 H - +5 gold dragon scales
Jewellery
 b - an uncursed amulet of chaos
 u - an uncursed ring of dexterity
 v - an uncursed ring of dexterity
 w - an uncursed ring of intelligence
 x - an uncursed ring of intelligence
 y - a ring of strength (left hand)
 z - an uncursed ring of strength
 M - the ring "Rucriargh" (right hand) {rPois rN+ EV+5 Dex+3}
   (You found it in the Dungeon)

   [ring of evasion]

   It affects your evasion (+5).
   It affects your dexterity (+3).
   It protects you from poison.
   It protects you from negative energy.
 P - the ring "Ikkaaher" {rElec rC+ MR+}
   (You found it in the Dungeon)

   [ring of protection from magic]

   It protects you from cold.
   It insulates you from electricity.
   It affects your resistance to hostile enchantments.
 R - a cursed ring of strength {(Curse: *Drain -Vis)}
 T - an uncursed amulet of chaos
 U - an uncursed ring of evasion
 V - an uncursed ring of intelligence
Wands
 A - a wand of disintegration (7)
 B - a wand of iceblast (7)
 C - a wand of acid (7)
 N - a wand of polymorph (1)
 O - a wand of flame (1)
Scrolls
 i - 4 scrolls of blinking
 p - 4 scrolls of amnesia
 q - 7 scrolls of fog
 r - a scroll of holy word
 s - 8 scrolls of bless item
 t - 2 scrolls of fear
 Q - 4 scrolls of enchantment
Potions
 d - 10 potions of curing
 e - 13 potions of heal wounds
 f - 10 potions of haste
 g - 7 potions of magic
 h - 3 potions of berserk rage
 j - 2 potions of brilliance
 k - 2 potions of invisibility
 l - 4 potions of resistance
 n - 5 potions of agility
 o - 5 potions of might
Miscellaneous
 a - a lamp of fire
 I - 3 phantom mirrors
 J - a phial of floods
 L - 2 boxes of beasts
 S - a lightning rod (4/4)
Comestibles
 c - 7 rations
 K - 15 chunks of flesh


   Skills:
 + Level 18.1 Fighting
 + Level 19.4 Axes & Hammers
 + Level 16.5 Armour
 + Level 13.4 Dodging
 - Level 1.5 Stealth
 + Level 15.7 Invocations
 + Level 2.1 Evocations


You had 12 spell levels left.
You didn't know any spells.
Your spell library contained the following spells:

 Spells                   Type           Power        Failure   Level  Hunger
 Flame Tongue             Fire           0 (30)       78%         1    ##.....
 Magic Candle             Hex/Fire       0 (90)       78%         1    ##.....
 Poisonous Vapours        Pois/Air       0 (50)       78%         1    ##.....
 Sandblast                Erth           0 (50)       78%         1    ##.....
 Shock                    Air            0 (25)       78%         1    ##.....
 Summon Butterflies       Summ           0 (100)      78%         1    ##.....
 Summon Small Mammal      Summ           0 (25)       78%         1    ##.....
 Call Imp                 Summ           0 (100)      89%         2    ###....
 Corpse Rot               Tmut/Necr      N/A          89%         2    ###....
 Passwall                 Tmut/Erth      0 (120)      89%         2    ###....
 Sticks to Snakes         Tmut           0 (100)      89%         2    ###....
 Sublimation of Blood     Necr           0 (200)      89%         2    ###....
 Swiftness                Chrm/Air       0 (100)      89%         2    ###....
 Apportation              Tloc           0 (50)       98%         3    ####...
 Blinding Spray           Hex/Pois       0 (50)       98%         3    ####...
 Call Canine Familiar     Summ           0 (100)      98%         3    ####...
 Ignite Poison            Fire/Tmut      0 (100)      98%         3    ####...
 Portal Projectile        Chrm/Tloc      0 (50)       98%         3    ####...
 Static Discharge         Air            0 (100)      98%         3    ####...
 Stone Arrow              Erth           0 (50)       98%         3    ####...
 Tukima's Dance           Hex            0 (100)      98%         3    ####...
 Airstrike                Air            0 (200)      100%        4    #####..
 Cause Fear               Hex            0 (200)      100%        4    #####..
 Leda's Liquefaction      Tmut/Erth      0 (200)      100%        4    #####..
 Muse Oam's Air Blast     Tloc/Air       0 (100)      100%        4    #####..
 Petrify                  Tmut/Erth      0 (100)      100%        4    #####..
 Summon Ice Beast         Ice/Summ       0 (100)      100%        4    #####..
 Bolt of Magma            Fire/Erth      0 (200)      100%        5    ######.
 Irradiate                Tmut/Pois      0 (200)      100%        5    ######.
 Iskenderun's Battlesphe  Chrm/Erth      0 (100)      100%        5    ######.
 Lee's Rapid Deconstruct  Erth           0 (200)      100%        5    ######.
 Lightning Bolt           Air            0 (200)      100%        5    ######.
 Methodical Deconstructi  Erth           0 (200)      100%        5    ######.
 Silence                  Hex/Air        0 (200)      100%        5    ######.
 Summon Forest            Summ/Erth      0 (200)      100%        5    ######.
 Summon Lightning Spire   Summ/Air       0 (100)      100%        5    ######.
 Summon Mana Viper        Summ/Pois      0 (100)      100%        5    ######.
 Summon Spider Mount      Summ/Pois      0 (200)      100%        5    ######.
 Yara's Violent Unravell  Hex/Tmut       0 (200)      100%        5    ######.
 Bolt of Cold             Ice            0 (200)      100%        6    #######
 Cigotuvi's Degeneration  Tmut/Necr      0 (200)      100%        6    #######
 Darkness                 Hex            0 (200)      100%        6    #######
 Deflect Missiles         Chrm/Air       0 (200)      100%        6    #######
 Dispersal                Tloc           0 (200)      100%        6    #######
 Eringya's Noxious Bog    Tmut/Pois      0 (200)      100%        6    #######
 Invisibility             Chrm           0 (100)      100%        6    #######
 Iron Shot                Erth           0 (200)      100%        6    #######
 Ring of Flames           Chrm/Fire      0 (200)      100%        6    #######
 Shadow Creatures         Summ           N/A          100%        6    #######
 Simulacrum               Ice/Necr       0 (200)      100%        6    #######
 Starburst                Fire           0 (200)      100%        6    #######
 Statue Form              Tmut/Erth      0 (150)      100%        6    #######
 Summon Hydra Mount       Summ           0 (200)      100%        6    #######
 Tunneling                Erth           0 (200)      100%        6    #######
 Controlled Blink         Tloc           0 (100)      100%        7    #######
 Dragon Form              Tmut           0 (200)      100%        7    #######
 Infestation              Tmut/Pois      0 (200)      100%        7    #######
 Iskenderun's Icy Sphere  Ice            0 (200)      100%        7    #######
 Spellforged Servitor     Summ           0 (200)      100%        7    #######
 Discord                  Hex            0 (200)      100%        8    #######
 Disjunction              Tloc           0 (200)      100%        8    #######
 Shatter                  Erth           0 (200)      100%        9    #######


Dungeon Overview and Level Annotations

Branches:
Dungeon (1/1)

Altars:
Ashenzari
Beogh
Cheibriados
Dithmenos
Elyvilon
Fedhas Madash
Gozag Ym Sagoz
Hepliaklqana
Kikubaaqudgha
Makhleb
Nemelex Xobeh
Okawaru
Qazlal
Ru
Sif Muna
Trog
Uskayaw
Vehumet
Wu Jian
Xom
Yredelemnul
Zin
The Shining One Bahamut & Tiamat
Jiyva
Lugonu

Annotations:
D 1 transporter


Innate Abilities, Weirdness & Mutations

You are very dopey. (Int -4)
You occasionally shout uncontrollably at your foes.


Message History

You feel protected from physical attacks.
The centaur shoots an arrow.
The yaktaur wields a +0 arbalest.
The yaktaur shoots a bolt.
The bolt pierces through you (8)!
* * * LOW HITPOINT WARNING * * *
Your smoke demon is engulfed in blazing flames (2).
Your smoke demon gestures at the yaktaur captain.
The yaktaur captain is smitten.
You see here a centaur corpse.
You slash the deep elf master archer (17)!
You slice the deep elf master archer (18)!!
The deep elf master archer is almost dead. (13/79) HP The yaktaur captain is engulfed in freezing vapours (10)!
The yaktaur captain shoots a bolt.
The bolt pierces through you (14)!
* * * LOW HITPOINT WARNING * * *
The centaur shoots an arrow.
The arrow is repelled.
The deep elf master archer shoots an arrow.
The arrow pokes you (4).
* * * LOW HITPOINT WARNING * * *
The arrow burns you (4).
You die...

▓▓▓▓▓▓▓▓▓▓▓▓▓▓▓▓▓▓▓▓▓▓▓▓
▓.....8©8.....▓....8©8..
▓..|...[[:)...▓..)....).
▓...}}].c≈|...▓..)|..)[)
▓...c...C:.≈..▓.........
▓...)cce..≈...▓.........
▓....c.e°)....▓.........
▓....c○@.§≈...▓.........
▓.......§§..≈.▓..▓.....▓
▓..▓...§.§.▓≈.▓.▓▓▓÷†.▓▓
▓ ▓▓3.§..▓▓ ▓..▓†.†..▓
▓..▓.......▓..▓...†.©...
▓.............▓▓▓▓▓▓▓▓▓▓
▓......©......▓....8©8..
▓▓▓▓▓▓▓▓▓▓▓▓▓▓▓..].)}]..
▓...}).]..


You could see 2 yaktaur captains, 2 deep elf master archers, a cyclops, 3
yaktaurs, a centaur and a friendly smoke demon.

Vanquished Creatures
  A lich (D)
  An iron giant (D)
  2 tentacled starspawn (D)
  A reaper (D)
  A gibbering mound (D)
  A boulder beetle (D)
  A hell knight (D)
  A thrashing horror (D)
  2 centaur warriors (D)
  2 worldbinders (D)
  2 shining eyes (D)
  A black mamba (shapeshifter) (D)
  An ugly thing (D)
  2 spiny frogs (D)
  2 smoke demons (D)
  An efreet (D)
  An ice devil (D)
  4 rime drakes (D)
  3 yaktaurs (D)
  3 toenail golems (D)
  A komodo dragon (D)
  A polar bear (D)
  An ancient zyme (D)
  2 raiju (D)
  A blink frog (D)
  A wraith (D)
  3 steam dragons (D)
  A flying skull (D)
  2 neqoxecs (D)
  2 cyclopes (D)
  A chaos elemental (D)
  A wyvern (D)
  A golden eye (D)
  A water moccasin (D)
  An orc warrior (D)
  7 hell hounds (D)
  A necrophage (D)
  A porcupine (D)
  5 starcursed masses (D)
  An eye of draining (D)
  An ice beast (D)
  A wolf (D)
  A crocodile (D)
  A bullfrog (D)
  2 centaurs (D)
  4 wights (D)
  A quasit (D)
  An orc priest (D)
  A jelly (D)
  2 orc wizards (D)
  A mummy (D)
  3 iron imps (D)
  4 shadow imps (D)
  2 white imps (D)
  2 giant cockroach zombies (D)
  2 ufetubi (D)
  An ooze (D)
  2 orcs (D)
  3 adder skeletons (D)
  4 adder zombies (D)
  A bat simulacrum (D)
  2 bat skeletons (D)
  A bat zombie (D)
  A jackal zombie (D)
  3 quokka zombies (D)
  6 starspawn tentacles (D)
121 creatures vanquished.

Vanquished Creatures (collateral kills)
  A small abomination (D)
  A hell hound (D)
  A centaur (D)
  A crimson imp (D)
  2 bat skeletons (D)
6 creatures vanquished.

Vanquished Creatures (others)
  An ufetubus (D)
  An adder skeleton (D)
  A quokka skeleton (D)
  2 starspawn tentacles (D)
5 creatures vanquished.

Grand Total: 132 creatures vanquished

Notes
Turn   | Place    | Note
-------+----------+-------------------------------------------
     0 | D        | diana the Hill Orc Monk began the quest for the Orb.
     0 | D        | Reached XP level 1. HP: 19/19 MP: 1/1
     0 | D        | Found a shimmering blue altar of Sif Muna.
     0 | D        | Found a sacrificial altar of Ru.
     0 | D        | Found a bloodstained altar of Trog.
     0 | D        | Found a stormy altar of Qazlal.
     0 | D        | Found an iron altar of Okawaru.
     0 | D        | Found a sparkling altar of Nemelex Xobeh.
     0 | D        | Found a blossoming altar of Fedhas.
     1 | D        | Found the +6 Majin-Bo {vampiric, corrupt archmagi; MP+6
                  | Int+6}
     1 | D        | Found the +9 ballista "Sniper" {velocity, Acc+∞ +Vis}
     1 | D        | Found the +10 dark maul {crush}
     1 | D        | Found the +15 Maxwell's patent armour {-Cast -Tele rElec
                  | MR+ rCorr}
     1 | D        | Found the +18 shield of the Gong {rElec rN+ MR+ EV-5}
     1 | D        | Found the +14 obsidian axe {chop, +Fly +Vis Soulbond}
     1 | D        | Found the +7 great mace "Firestarter" {inner flame, rF++}
     1 | D        | Found the +6 shillelagh "Devastator" {shatter}
     1 | D        | Found the +11 plutonium sword {*Contam Stlth-}
     1 | D        | Found the +8 lance "Wyrmbane" {slay drac, rPois rF+ rC+
                  | AC+3}
     1 | D        | Found the +9 sword of Zonguldrok {reap}
     1 | D        | Found the +13 scythe of Curses {drain, Soulbond}
     1 | D        | Found the +0 sword of Power
     1 | D        | Found the +7 mace of Variability {chain chaos}
     1 | D        | Found the +7 Singing Sword {slice, sonic wave}
     1 | D        | Found the +8 storm bow {elec, penet}
     2 | D        | Found a transporter.
     2 | D        | Found an ancient bone altar of Kikubaaqudgha.
     2 | D        | Found a viscous altar of Jiyva.
     2 | D        | Found a corrupted altar of Lugonu.
     2 | D        | Found a hazy altar of Hepliaklqana.
     2 | D        | Found a burning altar of Makhleb.
     2 | D        | Found an opulent altar of Gozag.
   151 | D        | Reached skill level 5 in Fighting
   151 | D        | Reached skill level 6 in Axes & Hammers
   151 | D        | Reached XP level 2. HP: 30/30 MP: 2/2
   164 | D        | Became a worshipper of Qazlal Stormbringer
   164 | D        | Reached * piety under Qazlal
   164 | D        | Reached ** piety under Qazlal
   177 | D        | Entered arena 2.
   177 | D        | Noticed an ice beast
   177 | D        | Found a transporter.
   180 | D        | Killed an ice beast
   180 | D        | Reached skill level 7 in Axes & Hammers
   180 | D        | Reached skill level 5 in Armour
   180 | D        | Reached XP level 3. HP: 39/39 MP: 3/3
   180 | D        | Reached XP level 4. HP: 47/47 MP: 4/4
   188 | D        | Entered arena 3.
   188 | D        | Noticed a toenail golem
   188 | D        | Noticed a toenail golem
   188 | D        | Noticed a toenail golem
   188 | D        | Found a transporter.
   192 | D        | Killed a toenail golem
   192 | D        | Reached skill level 9 in Axes & Hammers
   192 | D        | Reached XP level 5. HP: 57/57 MP: 5/5
   192 | D        | Reached XP level 6. HP: 63/63 MP: 6/6
   193 | D        | Killed a toenail golem
   193 | D        | Reached *** piety under Qazlal
   193 | D        | Reached skill level 10 in Fighting
   193 | D        | Reached skill level 10 in Axes & Hammers
   193 | D        | Reached XP level 7. HP: 72/72 MP: 7/7
   194 | D        | Killed a toenail golem
   194 | D        | Reached skill level 11 in Axes & Hammers
   203 | D        | Entered arena 4.
   203 | D        | Noticed a yaktaur
   203 | D        | Noticed a yaktaur
   203 | D        | Found a transporter.
   205 | D        | Reached XP level 8. HP: 81/81 MP: 8/8
   209 | D        | Killed a yaktaur
   209 | D        | Reached skill level 12 in Axes & Hammers
   211 | D        | Reached **** piety under Qazlal
   213 | D        | Killed a yaktaur
   213 | D        | Reached skill level 10 in Armour
   318 | D        | Entered arena 5.
   318 | D        | Found a transporter.
   323 | D        | Reached ***** piety under Qazlal
   323 | D        | Reached skill level 13 in Axes & Hammers
   323 | D        | Reached XP level 9. HP: 89/90 MP: 0/9
   329 | D        | Got Sif Muna's Papyrus of Flames
   332 | D        | Entered arena 6.
   332 | D        | Noticed a rime drake
   332 | D        | Noticed a rime drake
   332 | D        | Found a transporter.
   334 | D        | Killed a rime drake
   336 | D        | Killed a rime drake
   336 | D        | Reached skill level 5 in Invocations
   337 | D        | Reached skill level 14 in Axes & Hammers
   342 | D        | Got the +7 broad axe "Ydeisog" {antimagic, rC+ rN+ Int-4}
   360 | D        | Entered arena 7.
   360 | D        | Noticed a brown ugly thing
   360 | D        | Noticed a shining eye
   360 | D        | Noticed a shining eye
   360 | D        | Noticed a black mamba
   361 | D        | Found the +12 glaive of Prune {chop}
   361 | D        | Found a transporter.
   363 | D        | Killed a black mamba
   366 | D        | Killed a brown ugly thing
   366 | D        | Reached XP level 10. HP: 95/101 MP: 5/15
   367 | D        | Gained mutation: You are dopey. (Int -2) [a shining eye]
   368 | D        | Killed a shining eye
   368 | D        | Reached ****** piety under Qazlal
   368 | D        | Reached skill level 10 in Dodging
   368 | D        | Lost intelligence.
   368 | D        | Gained mutation: You are very dopey. (Int -4) [a shining
                  | eye]
   369 | D        | Gained mutation: You occasionally shout uncontrollably at
                  | your foes. [a neqoxec]
   372 | D        | Killed a shining eye
   392 | D        | Entered arena 8.
   393 | D        | Found a transporter.
   398 | D        | Reached skill level 15 in Axes & Hammers
   419 | D        | Entered arena 9.
   420 | D        | Found a transporter.
   432 | D        | Got the ring "Rucriargh" {rPois rN+ EV+5 Dex+3}
   445 | D        | Entered arena 10.
   446 | D        | Found a transporter.
   462 | D        | Got the cursed amulet "Piptiu Liric" {RegenMP rPois Int-2
                  | Dex+2, (Curse: *Slow)}
   470 | D        | Entered arena 11.
   474 | D        | Found a transporter.
   492 | D        | Got the ring "Ikkaaher" {rElec rC+ MR+}
   502 | D        | Got the Reference Book on Ignition
   511 | D        | Entered arena 12.
   511 | D        | Noticed a tentacled starspawn
   511 | D        | Noticed a tentacled starspawn
   512 | D        | Noticed a worldbinder
   515 | D        | Found a transporter.
   517 | D        | Killed a tentacled starspawn
   517 | D        | Reached skill level 10 in Invocations
   517 | D        | Reached XP level 11. HP: 111/111 MP: 16/18
   518 | D        | Reached skill level 16 in Axes & Hammers
   520 | D        | Killed a tentacled starspawn
   520 | D        | Reached skill level 15 in Fighting
   546 | D        | Got Adink's Casting, Part Six
   562 | D        | Entered arena 13.
   562 | D        | Noticed a lich
   564 | D        | Found a transporter.
   584 | D        | Killed a lich
   584 | D        | Reached skill level 17 in Axes & Hammers
   758 | D        | Entered arena 14.
   758 | D        | Noticed a starcursed mass
   759 | D        | Noticed a thrashing horror
   760 | D        | Noticed a gibbering mound
   762 | D        | Killed a thrashing horror
   762 | D        | Reached XP level 12. HP: 106/122 MP: 21/21
   764 | D        | Found a transporter.
   769 | D        | Reached skill level 15 in Armour
   770 | D        | Killed a gibbering mound
   770 | D        | Reached skill level 18 in Axes & Hammers
   772 | D        | HP: 5/124 [smoke demon/divine providence (11)]
   777 | D        | HP: 4/124 [burnt (2)]
   789 | D        | Got the cursed ring "Yffeuh" {rElec rF+ Str-4 Dex+5,
                  | (Curse: *Corrode)}
  1013 | D        | Entered arena 15.
  1013 | D        | Noticed a hell knight
  1014 | D        | Noticed a reaper
  1014 | D        | Noticed an iron giant
  1024 | D        | Killed a hell knight
  1025 | D        | Found a transporter.
  1029 | D        | Killed a reaper
  1033 | D        | HP: 6/125 [iron giant/+0 giant club (58)]
  1034 | D        | Killed an iron giant
  1268 | D        | Entered arena 16.
  1269 | D        | Noticed a boulder beetle
  1272 | D        | Reached skill level 15 in Invocations
  1274 | D        | Reached skill level 19 in Axes & Hammers
  1279 | D        | Killed a boulder beetle
  1279 | D        | Reached XP level 13. HP: 131/134 MP: 24/24
  1290 | D        | Found a transporter.
  1328 | D        | Entered arena 17.
  1330 | D        | Noticed a deep elf master archer
  1330 | D        | Noticed a deep elf master archer
  1333 | D        | Found a transporter.
  1334 | D        | Reached skill level 1 in Evocations
  1337 | D        | HP: 4/134 [deep elf master archer/arrow (4)]
  1337 | D        | Shot with an arrow by a deep elf master archer

Levels and vault maps discovered:
D:        sprint_v [room_start, room_1, room_2, room_3, room_4, room_5, room_6,
          room_7, room_8, room_9, room_10, room_11, room_12, room_13, room_14,
          room_15, room_16, room_17, room_18, room_19, room_20, room_21,
          room_22, room_23, room_24, room_25, room_26, room_27]

Skill      XL: |  1  2  3  4  5  6  7  8  9 10 11 12 13 |
---------------+----------------------------------------+-----
Fighting       | 5 7 9 10 12 13 14 16 17 18 | 18.1
Axes & Hammers | 6 7 9 10 11 13 14 15 17 19 | 19.4
Armour         | 3 5 7 8 9 10 12 13 14 16 | 16.5
Dodging        | 3 4 6 7 8 9 10 12 13 | 13.4
Invocations    | 6 10 13 15 | 15.7
Evocations     | 2 |  2.1
Stealth        | |  1.5

Action                   |  1- 3 |  4- 6 |  7- 9 | 10-12 | 13-15 || total
-------------------------+-------+-------+-------+-------+-------++-------
Melee: Broad axe         |     4 |     4 |    28 |   119 |     4 ||   159
Invok: Disaster Area     |       |       |       |     1 |     1 ||     2
  Use: Potion            |     1 |       |       |     1 |       ||     2
  Eat: Chunk             |       |       |       |       |     2 ||     2
Armor: Plate armour      |     2 |     9 |    11 |    81 |     4 ||   107
Dodge: Dodged            |       |     2 |    12 |    63 |     8 ||    85
       Deflected         |       |       |       |     4 |     6 ||    10
Block: Other             |       |     1 |     4 |    24 |     2 ||    31
